 Dungeon Crawl Stone Soup version 0.30-a0-738-g116ff8c4af (webtiles) character file.

Game seed: 16720224111679757763

89 jasper the Covered (level 4, -10/38 HPs)
             Began as a Demigod Fighter on Feb 3, 2023.
             Mangled by an ogre
             ... wielding a +0 giant club
              (29 damage)
             ... on level 3 of the Dungeon.
             The game lasted 00:03:22 (1747 turns).

jasper the Covered (Demigod Fighter)                Turns: 1747, Time: 00:03:23

Health: -10/38     AC:  6    Str: 21    XL:     4   Next: 10%
Magic:  6/6        EV:  9    Int: 10    God:
Gold:   113        SH:  4    Dex: 13    Spells: 3/3 levels left

rFire   . . .      SeeInvis .    a - +0 war axe
rCold   . . .      Faith    .    c - +0 buckler
rNeg    . . .      Spirit   .    b - +0 scale mail
rPois   .          Reflect  .    (no helmet)
rElec   .          Harm     .    (no cloak)
rCorr   .          Rampage  .    (no gloves)
Will    .....                    (no boots) Stlth
                                 t - amulet of regeneration
HPRegen 1.06/turn                (no ring)
MPRegen 0.10/turn                (no ring)

@: mighty
A: high MP 1, forlorn, divine attributes
a: no special abilities


You were on level 3 of the Dungeon.
You visited 1 branch of the dungeon, and saw 3 of its levels.

You collected 113 gold pieces.

Inventory:

Hand Weapons
 a - a +0 war axe (weapon)
Missiles
 i - 13 stones (quivered)
 n - 2 curare-tipped darts
Armour
 b - a +0 scale mail (worn)
 c - a +0 buckler (worn)
 j - a +0 tower shield
Jewellery
 t - an amulet of regeneration (around neck)
Scrolls
 g - a scroll of noise {unknown}
 m - a scroll of teleportation {unknown}
 p - a scroll of amnesia {unknown}
 s - a scroll of vulnerability {unknown}
Potions
 e - a potion of haste {unknown}
 f - a potion of lignification {unknown}
 h - 3 potions of flight {unknown}
 k - 2 potions of ambrosia {unknown}
 l - a potion of heal wounds {unknown}
 o - a potion of magic {unknown}
 q - 2 potions of invisibility {unknown}
 r - a potion of curing {unknown}


   Skills:
 + Level 3.1 Fighting
 * Level 2.9 Axes
 + Level 3.2 Armour
 + Level 3.2 Shields


You had 3 spell levels left.
You didn't know any spells.
Your spell library contained the following spells:

 Spells                   Type           Power      Damage    Failure   Level
 Yara's Violent Unravell  Hex/Tmut       0%         3d3       100%        5
 Enfeeble                 Hex            0%         N/A       100%        7


Dungeon Overview and Level Annotations

Branches:
Dungeon (3/15)


Innate Abilities, Weirdness & Mutations

You have an increased reservoir of magic. (+10% MP)
You shall have no god before yourself.
Your divine heritage dramatically boosts your attributes as you level up.


Message History

The ball python barely misses you.
You barely miss the ball python.
The ball python bites you but does no damage.
The ball python grabs you. The ball python constricts you.
The ball python bites you but does no damage.
The ball python constricts you.
You slash the ball python!
You kill the ball python!
An ogre and an orc come into view.
Found a scroll labelled NIESUXOAKH.
The ogre shouts!
A worm comes into view.
There are monsters nearby!
There are monsters nearby!
You closely miss the orc. You block the orc's attack.
You hit the orc.
The orc is heavily wounded.
The orc barely misses you. The orc hits you with a +0 dagger.
You take 3 damage, and have 35/38 hp.
You barely miss the orc.
The orc is heavily wounded.
The orc hits you but does no damage.
You feel very mighty all of a sudden. The orc hits you with a +0 dagger.
You take 2 damage, and have 34/38 hp.
You closely miss the orc.
The orc is heavily wounded.
The orc hits you with a +0 dagger. The orc barely misses you.
You hit the orc.
You kill the orc!
You hit the ogre.
The ogre is lightly wounded.
The ogre hits you with a +0 giant club!!
Ouch! That really hurt!
You take 17 damage, and have 18/38 hp.
MASSIVE DAMAGE!!
You slash the ogre!
The ogre is heavily wounded.
The ogre hits you with a +0 giant club!!
Ouch! That really hurt!
You die...

.....####.....######..
?..w
#............+.#.....
...O
#...##.#.....#.#†###'
...o. . #.####+##.#.# #.
..... #.#.......#.# #.
.... ##.#.#.##....# #.
#..# #.........†..# #.
#..#####..########..###.
#....O@................
#######...#######..####
##...## #.......
#.#.#.#####...###.
##........##.#.....
#.#.#.#.#.##.#.#...
#......##.##.#.#..#
#..#.#.##.##.#.#...
#.....###.##.#.#.#.


You could see an ogre.

Vanquished Creatures
  5 adders
  A worm (D:2)
  A dart slug (D:2)
  An orc (D:3)
  6 bats
  An endoplasm (D:2)
  3 giant cockroaches
  3 goblins
  2 hobgoblins
  3 jackals (D:1)
  2 quokkas
  4 ball pythons
  4 kobolds
  4 rats
40 creatures vanquished.

Notes
Turn   | Place    | Note
-------+----------+-------------------------------------------
     0 | D:1      | jasper the Demigod Fighter began the quest for the Orb.
     0 | D:1      | Reached XP level 1. HP: 18/18 MP: 3/3
   206 | D:1      | Reached XP level 2. HP: 25/25 MP: 4/4
   847 | D:2      | Reached XP level 3. HP: 30/30 MP: 5/5
  1642 | D:3      | Reached XP level 4. HP: 38/38 MP: 6/6
  1731 | D:3      | Noticed an ogre
  1747 | D:3      | Mangled by an ogre

Illustrated notes

Levels and vault maps discovered:
D:1:      wander_arrival_desolate, layout_rooms
D:2:      layout_loops_ring, hangedman_decor_diamond_cutter
D:3:      layout_basic, st_stairs_5, chequers_decorated_corner, hex_tiny,
          minmay_misc_feat_roman

Skill      XL: |  1  2  3 |
---------------+----------+-----
Axes           | 2 |  2.9
Armour         | 3 |  3.2
Shields        | 3 |  3.2
Fighting       | 3 |  3.1

Action                     |  1- 3 |  4- 6 || total
---------------------------+-------+-------++-------
  Melee: War axe           |   106 |    20 ||   126
    Use: Potion            |       |     1 ||     1
 Armour: Scale mail        |    41 |     8 ||    49
  Dodge: Dodged            |    51 |    12 ||    63
  Block: Buckler           |    30 |     2 ||    32

Table legend: (Time is in decaauts)
 A = Elapsed time spent in this place.
 B = Non-inter-level travel time spent in this place.
 C = Inter-level travel time spent in this place.
 D = Time resting spent in this place.
 E = Time spent auto-exploring this place.
 F = Levels seen in this place.
 G = Mean time per level.
                   A        B        C        D        E       F      G
               +--------+--------+--------+--------+--------+-----+--------+
         Total |   1815 |   1747 |     68 |     44 |   1260 |   3 |  605.0 |
       Dungeon |   1815 |   1747 |     68 |     44 |   1260 |   3 |  605.0 |
               +--------+--------+--------+--------+--------+-----+--------+

Top non-repeatable levels by time:
     D:2: 916 daAuts
     D:1: 622 daAuts
     D:3: 276 daAuts
